 Dungeon Sprint DCSS version 0.30.1-11-g7821555f0a (webtiles) character file.

Game seed: 11912779970543978642

9200000 Groucho the Archmage (level 27, -11/228 HPs)
             Began as a Djinni Warper on Oct 31, 2023.
             Was the Champion of Makhleb.
             Killed by divine providence
             ... invoked by an observer
              (13 damage)
             ... in the Dungeon (Sprint VIII: "Arena of Blood").
             The game lasted 00:05:24 (92 turns).

Groucho the Archmage (Djinni Warper)                  Turns: 92, Time: 00:05:24

Health: -11/228    AC:  6    Str: 10    XL:     27
Gold:   0          EV: 30    Int: 23    God:    Makhleb [******] SH:  0 Dex: 19

rFire   + + .        i - +∞ Axe of Woe
rCold   x . .        (shield currently unavailable)
rNeg    . . .        b - +0 leather armour
rPois   ∞            (no helmet)
rElec   .            (no cloak)
rCorr   .            (no gloves)
SInv    +            (boots unavailable)
Will    ++...        (no amulet)
Stlth   ++++++++++   j - ring of see invisible
HPRegen 0.58/turn    (no ring)
MPRegen 0.00/turn

%: no teleportation, infuse magic (-12 HP)
@: flying
A: sickness immunity, fire resistance 2, cold vulnerability 1, float, innate
caster, HP casting, extra vitality 1
a: Renounce Religion, Minor Destruction, Lesser Servant of Makhleb, Major
Destruction, Greater Servant of Makhleb


You were in the Dungeon.
You worshipped Makhleb.
Makhleb was exalted by your worship.
You visited 1 branch

Inventory:

Hand Weapons
 i - the +∞ Axe of Woe (weapon)
   (You found it in the Dungeon)
Missiles
 d - 7 boomerangs of dispersal
Armour
 b - a +0 leather armour (worn)
Jewellery
 a - a +250 ring of slaying
 j - a ring of see invisible (left hand)
 k - a +200 ring of slaying
 m - a +250 ring of slaying
 n - a +200 ring of slaying
Scrolls
 c - 2 scrolls of blinking
Potions
 e - a potion of curing
 g - a potion of haste
 h - a potion of berserk rage


   Skills:
 O Level 27 Fighting
 O Level 27 Short Blades
 O Level 27 Long Blades
 O Level 27 Axes
 O Level 27 Maces & Flails
 O Level 27 Polearms
 O Level 27 Staves
 O Level 27 Ranged Weapons
 O Level 27 Throwing
 O Level 27 Armour
 O Level 27 Dodging
 O Level 27 Stealth
 O Level 27 Shields
 O Level 27 Unarmed Combat
 O Level 27 Spellcasting
 O Level 27 Invocations
 O Level 27 Evocations


You knew the following spells:

 Your Spells              Type           Power      Damage    Failure   Level
a - Blink                 Tloc           100%       N/A       0%          2
b - Lesser Beckoning      Tloc           100%       N/A       0%          2
c - Vhi's Electric Charg  Tloc/Air       100%       N/A       0%          3
d - Teleport Other        Tloc           100%       N/A       0%          3
e - Manifold Assault      Tloc           100%       N/A       0%          4
f - Necrotise             Necr           100%       1d9       0%          1
g - Static Discharge      Conj/Air       100%       2-7/arc   0%          2
h - Poisonous Vapours     Pois/Air       100%       N/A       0%          2
i - Iskenderun's Mystic   Conj/Tloc      100%       2d19      0%          4
j - Petrify               Tmut/Erth      100%       N/A       0%          4
k - Freezing Cloud        Conj/Ice/Air   50%        6-21      0%          5
l - Death Channel         Necr           50%        N/A       0%          6
m - Conjure Ball Lightni  Conj/Air       50%        3x3d17    0%          6
n - Statue Form           Tmut/Erth      67%        N/A       0%          6
o - Necromutation         Tmut/Necr      50%        N/A       1%          8
p - Ignition              Fire           50%        3d14      1%          8
q - Infestation           Necr           50%        N/A       1%          8
r - Dragon's Call         Summ           50%        N/A       1%          9
Your spell library was empty.

Dungeon Overview and Level Annotations

Branches:
Dungeon (1/1)

Altars:
Makhleb

Annotations:
D The Defiler


Innate Abilities, Weirdness & Mutations

You are immune to sickness and miasma.
You are immune to poison.
Your flesh is very heat resistant. (rF++)
You are vulnerable to cold. (rC-)
You float through the air rather than walking.
You learn spells naturally, not from books.
Your magical power is your life essence.
You have superior vitality. (+4 MHP)


Message History

Makhleb accepts your kill.
The meat beast is engulfed in blazing flames.
You hear a shout! x3
The tyrant mumbles some strange words.
You hear a shout!
You hear a shout! x2
The eight-headed meat hydra calls on the powers of darkness!
The eight-headed meat hydra convulses!
Your body is wracked with pain!
The bag of meat convulses!
The Defiler convulses!
The tyrant casts a spell.
You hear a shout! x2
The tyrant waves its bony arms in wide circles.
The air twists around and strikes you!!!
The wretched soul is engulfed in blazing flames.
An accursed comes into view.
The bag of meat hits you with a +9 war axe!!!
* * * LOW HITPOINT WARNING * * *
Things that are here:
a +9 battleaxe; a +30 ring of slaying; a meat berserker corpse You are too injured to fight recklessly!
You are too injured to fight recklessly!
You are too injured to fight recklessly!
You feel much better.
The tyrant appears out of thin air!
A tyrant comes into view.
You hear a shout! x4
The eight-headed meat hydra calls on the powers of darkness!
The eight-headed meat hydra convulses!
Your body is wracked with pain!
* * * LOW HITPOINT WARNING * * *
The bag of meat convulses!
The Defiler convulses!
The observer convulses!
The tyrant casts a spell.
You hear a shout! x3
The meat beast bites you!
* * * LOW HITPOINT WARNING * * *
The meat beast tramples you!
* * * LOW HITPOINT WARNING * * *
You hold your ground!
The observer pulsates ominously.
The observer gazes at you. Something smites you!
You die...

.###.....).###.).
....#.......#...G.
.....#..)..†.#G○°..
.........)..X..WX...
#......)))))...Xo.#.
..........).XXLXX#..
#....X..@.†.X.X##...
.M..#.XX)2)X)#..)).
.).X)o.Xo@)).)#.))##
....##L#.))).D))).))§
....)X.).......))..)§
####.†..#....)####)).
.)...L..........#....
.....)..............
###...............##
#################


You could see an accursed, 2 tentacled monstrosities, a meat beast (fast), 3
tyrants, an eight-headed meat hydra, an observer (fast, invisible), 13 large
abominations, The Defiler, a wretched soul (invisible) and 3 bags of meat.

Vanquished Creatures
  6 hell beasts (D)
  4 royal mummies (D)
  2 great orbs of eyes (D)
  3 wraiths (D)
  Harold (D)
  8 vampire knights (D)
  24 ogres (D)
  5 two-headed ogres (D)
  A lich (D)
  3 hydras (D)
  8 phantoms (D)
  36 orcs (D)
  5 skeletal warriors (D)
106 creatures vanquished.

Notes
Turn   | Place    | Note
-------+----------+-------------------------------------------
     0 | D        | Found the +∞ Axe of Woe
     0 | D        | Groucho the Djinni Warper began the quest for the Orb.
     0 | D        | Groucho set off with the following spells memorised: Blink,
                  | Lesser Beckoning, Vhi's Electric Charge, Teleport Other,
                  | Manifold Assault.
     0 | D        | Reached XP level 1. HP: 18/18 MP: 0/0
     0 | D        | Noticed a bag of meat
     2 | D        | Noticed a bag of meat
     4 | D        | Noticed a meat berserker
     4 | D        | Became a worshipper of Makhleb the Destroyer
     4 | D        | Noticed a bag of meat
     4 | D        | Noticed a bag of meat
     6 | D        | Killed a bag of meat
     6 | D        | Killed a meat berserker
     6 | D        | Reached * piety under Makhleb
     7 | D        | Reached skill level 10 in Axes
     7 | D        | Reached XP level 2. HP: 37/37 MP: 0/0
     7 | D        | Reached XP level 3. HP: 42/42 MP: 0/0
     7 | D        | Learned a level 1 spell: Necrotise
     7 | D        | Reached XP level 4. HP: 49/49 MP: 0/0
     7 | D        | Reached XP level 5. HP: 54/54 MP: 0/0
     7 | D        | Learned a level 2 spell: Static Discharge
     7 | D        | Reached XP level 6. HP: 59/59 MP: 0/0
     7 | D        | Reached XP level 7. HP: 65/65 MP: 0/0
     7 | D        | Learned a level 2 spell: Poisonous Vapours
     7 | D        | Reached XP level 8. HP: 71/71 MP: 0/0
     7 | D        | Reached XP level 9. HP: 76/76 MP: 0/0
     7 | D        | Learned a level 4 spell: Iskenderun's Mystic Blast
     7 | D        | Reached XP level 10. HP: 83/83 MP: 0/0
     7 | D        | Reached XP level 11. HP: 87/87 MP: 0/0
     7 | D        | Learned a level 4 spell: Petrify
     7 | D        | Reached XP level 12. HP: 94/94 MP: 0/0
     7 | D        | Reached XP level 13. HP: 99/99 MP: 0/0
     7 | D        | Learned a level 5 spell: Freezing Cloud
     7 | D        | Killed a bag of meat
     7 | D        | Killed a bag of meat
     7 | D        | Noticed a bag of meat
     7 | D        | Noticed a meat berserker
     8 | D        | Reached XP level 14. HP: 108/108 MP: 0/0
     8 | D        | Killed a meat berserker
     8 | D        | Reached ** piety under Makhleb
     8 | D        | Killed a bag of meat
     8 | D        | Killed a bag of meat
     9 | D        | Reached skill level 15 in Fighting
     9 | D        | Reached skill level 15 in Axes
     9 | D        | Reached skill level 5 in Throwing
     9 | D        | Reached skill level 15 in Dodging
     9 | D        | Reached XP level 15. HP: 120/120 MP: 0/0
     9 | D        | Learned a level 6 spell: Death Channel
     9 | D        | Noticed a meat berserker
    10 | D        | Noticed a meat berserker
    12 | D        | Reached *** piety under Makhleb
    12 | D        | Reached **** piety under Makhleb
    12 | D        | Noticed a meat berserker
    13 | D        | Reached XP level 16. HP: 129/129 MP: 0/0
    13 | D        | Killed a meat berserker
    13 | D        | Killed a meat berserker
    13 | D        | Killed a meat berserker
    13 | D        | Noticed a meat berserker
    14 | D        | Reached skill level 5 in Armour
    14 | D        | Reached skill level 27 in Spellcasting
    14 | D        | Reached XP level 17. HP: 145/145 MP: 0/0
    14 | D        | Learned a level 6 spell: Conjure Ball Lightning
    14 | D        | Killed a meat berserker
    14 | D        | Reached ***** piety under Makhleb
    15 | D        | Reached XP level 18. HP: 157/157 MP: 0/0
    15 | D        | Noticed a meat berserker
    16 | D        | Noticed a meat berserker
    17 | D        | Killed a meat berserker
    17 | D        | Killed a meat berserker
    18 | D        | Reached skill level 27 in Fighting
    18 | D        | Reached skill level 27 in Axes
    18 | D        | Reached XP level 19. HP: 174/174 MP: 0/0
    18 | D        | Learned a level 6 spell: Statue Form
    21 | D        | Noticed a destroyer
    22 | D        | Noticed a meat berserker
    23 | D        | Noticed a meat berserker
    23 | D        | Killed a destroyer
    23 | D        | Killed a meat berserker
    23 | D        | Reached ****** piety under Makhleb
    23 | D        | Killed a meat berserker
    23 | D        | Noticed a large bag of meat
    23 | D        | Noticed a meat berserker
    24 | D        | Reached skill level 27 in Dodging
    24 | D        | Reached skill level 27 in Armour
    24 | D        | Reached XP level 20. HP: 181/181 MP: 0/0
    24 | D        | Noticed a destroyer
    26 | D        | Noticed a large bag of meat
    27 | D        | Noticed The Servant
    28 | D        | Killed a meat berserker
    29 | D        | Killed a large bag of meat
    29 | D        | Killed a large bag of meat
    29 | D        | Noticed a large bag of meat
    30 | D        | Reached skill level 27 in Invocations
    30 | D        | Reached XP level 21. HP: 187/187 MP: 0/0
    30 | D        | Learned a level 8 spell: Necromutation
    30 | D        | Killed a destroyer
    31 | D        | Killed a large bag of meat
    31 | D        | Noticed a destroyer
    32 | D        | Reached skill level 10 in Short Blades
    32 | D        | Reached skill level 10 in Long Blades
    32 | D        | Reached skill level 10 in Staves
    32 | D        | Reached skill level 10 in Stealth
    32 | D        | Reached XP level 22. HP: 194/194 MP: 0/0
    37 | D        | Killed a destroyer
    38 | D        | Reached skill level 10 in Maces & Flails
    38 | D        | Reached skill level 10 in Polearms
    38 | D        | Reached skill level 10 in Ranged Weapons
    38 | D        | Killed The Servant
    39 | D        | Reached XP level 23. HP: 201/201 MP: 0/0
    39 | D        | Learned a level 8 spell: Ignition
    43 | D        | Reached skill level 15 in Shields
    43 | D        | Reached skill level 15 in Unarmed Combat
    43 | D        | Reached skill level 15 in Evocations
    49 | D        | Noticed an accursed
    51 | D        | Reached skill level 15 in Short Blades
    51 | D        | Reached skill level 15 in Long Blades
    51 | D        | Reached skill level 15 in Staves
    51 | D        | Reached skill level 15 in Throwing
    51 | D        | Reached skill level 15 in Stealth
    51 | D        | Noticed an accursed
    52 | D        | Noticed an accursed
    53 | D        | Killed an accursed
    53 | D        | Killed an accursed
    54 | D        | Reached XP level 24. HP: 208/208 MP: 0/0
    54 | D        | Noticed a destroyer
    55 | D        | Noticed an accursed
    55 | D        | Noticed a tyrant
    56 | D        | Killed an accursed
    56 | D        | Killed a tyrant
    56 | D        | Killed a destroyer
    57 | D        | Reached XP level 25. HP: 186/214 MP: 0/0
    57 | D        | Learned a level 8 spell: Infestation
    60 | D        | Noticed a meat beast
    61 | D        | Noticed a dread
    62 | D        | Noticed a dread
    63 | D        | Killed a dread
    63 | D        | Killed an accursed
    64 | D        | Reached XP level 26. HP: 70/221 MP: 0/0
    64 | D        | Noticed a meat beast
    64 | D        | Noticed a dread
    64 | D        | Killed a dread
    64 | D        | Killed a dread
    64 | D        | Killed a meat beast
    65 | D        | Reached XP level 27. HP: 176/228 MP: 0/0
    65 | D        | Learned a level 9 spell: Dragon's Call
    68 | D        | Noticed a meat beast
    68 | D        | Killed a meat beast
    68 | D        | Noticed a large bag of meat
    69 | D        | Reached skill level 27 in Shields
    69 | D        | Reached skill level 27 in Unarmed Combat
    69 | D        | Reached skill level 27 in Evocations
    69 | D        | Killed a large bag of meat
    71 | D        | Reached skill level 27 in Short Blades
    71 | D        | Reached skill level 27 in Long Blades
    71 | D        | Reached skill level 27 in Staves
    71 | D        | Reached skill level 27 in Stealth
    74 | D        | Reached skill level 27 in Throwing
    75 | D        | Reached skill level 27 in Maces & Flails
    75 | D        | Reached skill level 27 in Polearms
    75 | D        | Reached skill level 27 in Ranged Weapons
    77 | D        | Noticed a destroyer
    77 | D        | Noticed a meat beast
    77 | D        | Noticed a meat beast
    77 | D        | Noticed a large bag of meat
    77 | D        | Noticed a meat beast
    78 | D        | Killed a large bag of meat
    78 | D        | Killed a meat beast
    78 | D        | Noticed a destroyer
    79 | D        | Killed a meat beast
    80 | D        | Noticed a destroyer
    80 | D        | Noticed a destroyer
    81 | D        | Killed a destroyer
    81 | D        | Killed a destroyer
    83 | D        | Killed a meat beast
    84 | D        | Killed a destroyer
    85 | D        | Noticed a tyrant
    86 | D        | Killed a destroyer
    86 | D        | Noticed a tyrant
    87 | D        | Noticed a meat beast
    88 | D        | Noticed a tyrant
    89 | D        | Noticed The Defiler
    90 | D        | Killed a meat beast
    91 | D        | Noticed an accursed
    92 | D        | HP: 2/228 [meat beast (15)]
    92 | D        | Killed from afar by an observer

Illustrated notes

Levels and vault maps discovered:
D:        meatsprint

Skill      XL: |  1  2  3  4  5  6  7  8  9 10 11 12 13 14 15 16 17 18 19 20 21 22 23 24 25 26 27 |
---------------+----------------------------------------------------------------------------------+-----
Fighting       | 11 12 15 16 20 22 27 | 27.0
Axes           | 10 12 15 18 24 25 27 | 27.0
Throwing       | 3 4 5 6 7 11 14 17 19 21 23 27 | 27.0
Armour         | 3 5 27 | 27.0
Dodging        | 12 13 15 16 18 21 26 27 | 27.0
Spellcasting   | 19 21 24 26 27 | 27.0
Invocations    | 7 27 | 27.0
Short Blades   | 2 10 13 17 20 22 24 27 | 27.0
Long Blades    | 2 10 13 17 20 21 24 27 | 27.0
Maces & Flails | 2 9 12 16 18 20 22 27 | 27.0
Polearms       | 2 9 12 16 18 20 22 27 | 27.0
Staves         | 2 10 13 17 20 22 24 27 | 27.0
Ranged Weapons | 2 9 12 16 18 20 22 27 | 27.0
Stealth        | 2 10 13 17 20 21 24 27 | 27.0
Shields        | 3 11 14 19 21 23 26 27 | 27.0
Unarmed Combat | 3 11 14 19 21 23 26 27 | 27.0
Evocations     | 3 11 14 19 21 23 26 27 | 27.0

Action                     |  1- 3 |  4- 6 |  7- 9 | 10-12 | 13-15 | 16-18 | 19-21 | 22-24 | 25-27 || total
---------------------------+-------+-------+-------+-------+-------+-------+-------+-------+-------++-------
  Melee: Executioner's axe |     1 |       |       |       |     8 |    10 |    17 |    19 |    37 ||    92
   Cast: Manifold Assault  |       |       |       |       |     2 |     3 |     4 |     5 |     9 ||    23
    Use: Potion            |       |       |       |       |       |       |       |       |     1 ||     1
  Dodge: Dodged            |       |       |       |       |       |       |       |       |     2 ||     2
